 Dungeon Crawl Stone Soup version 0.31.0-32-g396128a36d (webtiles) character file.

Game seed: 3522420486645326917

2692 raph the Destroyer (level 9, -1/71 HPs)
             Began as a Pale Draconian Conjurer on Mar 19, 2024.
             Was a High Priest of Elyvilon.
             Shot with an arrow by a centaur warrior (16 damage)
             ... on level 7 of the Dungeon.
             The game lasted 00:11:34 (8818 turns).

raph the Destroyer (Pale Draconian Conjurer)        Turns: 8818, Time: 00:11:34

Health: -1/71      AC: 10    Str: 10    XL:     9   Next: 38%
Magic:  0/14       EV: 12    Int: 26    God:    Elyvilon [*****.]
Gold:   289        SH:  0    Dex: 10    Spells: 4/15 levels left

rFire   . . .        a - +6 trident "Neischut" {holy, Int+4}
rCold   + . .        (no shield)
rNeg    . . .        (body armour unavailable)
rPois   .            (helmet restricted)
rElec   .            j - +2 cloak
rCorr   .            (no gloves)
SInv    .            (no boots)
Will    .....        (no amulet)
Stlth   ++           y - ring of protection from cold
HPRegen 0.31/turn    (no ring)
MPRegen 0.14/turn

%: no passive effects
@: short of breath
A: breathe steam, AC +7, unfitting armour, cold-blooded, steam resistance
a: Breathe Steam, Renounce Religion, Purification, Heal Other, Heal Self, Divine
Vigour


You were on level 7 of the Dungeon.
You worshipped Elyvilon.
Elyvilon was extremely pleased with you.
You visited 2 branches of the dungeon, and saw 9 of its levels.

You collected 289 gold pieces.

Inventory:

Hand Weapons
 a - the +6 trident "Neischut" (weapon) {holy, Int+4}
   (You found it on level 3 of the Dungeon)

   Int+4:     It affects your intelligence (+4).
 c - a +0 mace of protection
 e - a +2 short sword of venom
Armour
 j - a +2 cloak (worn)
Magical Staves
 b - a staff of conjuration
Jewellery
 k - an amulet of guardian spirit
 y - a ring of protection from cold (left hand)
 A - a ring of wizardry
Wands
 f - a wand of mindburst (7)
 h - a wand of charming (34)
 u - a wand of acid (12)
 B - a wand of roots (3)
Scrolls
 l - a scroll of fear
 n - a scroll of brand weapon
 o - a scroll of vulnerability
 q - a scroll of blinking
 r - 2 scrolls of immolation
 s - a scroll of fog
 v - a scroll of enchant weapon {unknown}
 z - a scroll of teleportation {unknown}
Potions
 d - 3 potions of heal wounds
 g - a potion of magic
 i - a potion of curing
 m - a potion of enlightenment
 p - a potion of haste {unknown}
 t - 2 potions of degeneration {unknown}
 w - a potion of brilliance {unknown}
 x - a potion of berserk rage {unknown}


   Skills:
 + Level 4.1 Fighting
 + Level 4.0 Dodging
 + Level 4.2 Stealth
 + Level 3.8 Spellcasting
 * Level 9.6 Conjurations
 + Level 3.4 Alchemy
 + Level 3.9 Invocations


You had 4 spell levels left.
You knew the following spells:

 Your Spells              Type           Power      Damage    Failure   Level
a - Magic Dart            Conj           100%       1d8       1%          1
b - Searing Ray           Conj           100%       2d8       1%          2
c - Fulminant Prism       Conj/Alch      19%        3d11      6%          4
d - Iskenderun's Mystic   Conj/Tloc      30%        2d8       12%         4

Your spell library contained the following spells:

 Spells                   Type           Power      Damage    Failure   Level
 Ensorcelled Hibernation  Hex/Ice        10%        N/A       13%         2
 Fugue of the Fallen      Necr           5%         N/A       26%         3
 Volatile Blastmotes      Fire/Tloc      10%        2d10      26%         3
 Ignite Poison            Fire/Alch      14%        N/A       38%         4
 Sticky Flame             Fire/Alch      14%        2d5       38%         4
 Anguish                  Hex/Necr       2%         N/A       65%         4
 Ignition                 Fire           2%         3d3       100%        8


Dungeon Overview and Level Annotations

Branches:
Dungeon (8/15)             Temple (1/1) D:5
   Lair: D:8-11

Altars:
Ashenzari
Cheibriados
Dithmenos
Elyvilon
Fedhas
Gozag
Hepliaklqana
Kikubaaqudgha
Makhleb
Nemelex Xobeh
Okawaru
Ru
Sif Muna
Trog
Uskayaw
Vehumet
Wu Jian
Yredelemnul
Zin
The Shining One


Innate Abilities, Weirdness & Mutations

You can breathe blasts of scalding, opaque steam.
Your pale cyan-grey scales are hard. (AC +7)
You cannot fit into any form of body armour.
You are cold-blooded and may be slowed by cold attacks.
You are immune to the effects of steam.


Message History

The centaur warrior is engulfed in a cloud of scalding steam.
There is an open door here.
You hit the centaur warrior.
The centaur warrior is heavily wounded.
You feel sick.
You are no longer poisoned.
The killer bee is engulfed in a cloud of scalding steam. x2
The killer bee stings you.
The centaur warrior is engulfed in a cloud of scalding steam.
The centaur warrior unwields a +0 orcbow.
The centaur warrior hits you but does no damage.
The centaur warrior kicks you but does no damage.
The killer bee is engulfed in a cloud of scalding steam.
You kill the killer bee!
Your magical contamination has completely faded away.
The centaur warrior wields a +0 orcbow.
The centaur warrior shoots an arrow.
The arrow hits you!
The centaur warrior shoots an arrow.
The arrow closely misses you.
Casting: Iskenderun's Mystic Blast (dangerous; 12% risk of failure)
Confirm with . or Enter, or press ? or * to list all spells.
Aiming: Searing Ray (safe; 1% risk of failure)
Press: ? - help, Shift-Dir - straight line, f - centaur warrior
Aim: a centaur warrior, wielding a +0 orcbow (steam, heavily wounded, 87% to hit)
The searing ray hits the centaur warrior.
The centaur warrior is heavily wounded. (Press . to maintain the ray.)
The centaur warrior is engulfed in a cloud of scalding steam.
The centaur warrior shoots an arrow.
The arrow misses you.
The searing ray hits the centaur warrior!
The centaur warrior is almost dead.
The centaur warrior shoots an arrow.
The arrow hits you!
* * * LOW HITPOINT WARNING * * *
The centaur warrior shoots an arrow.
The arrow barely misses you.
The searing ray hits the centaur warrior!
The centaur warrior is almost dead.
The centaur warrior shoots an arrow.
The arrow hits you! Elyvilon protects you from harm!
Without enough magic to sustain it, your searing ray dissipates.
The centaur warrior shoots an arrow.
The arrow hits you!
You die...

..'.............#................
..#.............#................
..#..#..........#....######+###..
######......##..#....#........+..
#......##..#####.........#..
#.......#...# #...###'###..
##......#...# #####........
#.......#...# #........
#......##..@# #........
##########'## #........ #..c§#
##....##' #...§# #....#.. #....#
#....#.. #....# #....### ######
######


You could see a centaur warrior.

Vanquished Creatures
  Pikel (D:7)
  A wyvern (D:6)
  Eustachio (D:4)
  2 water moccasins
  A sky beast (D:7)
  2 black bears
  An ogre (D:7)
  A kobold brigand (D:6)
  3 bullfrogs
  2 scorpions
  A killer bee (D:7)
  4 howler monkeys
  3 jellies
  A bombardier beetle (D:3)
  2 gnoll boudas (D:5)
  Crazy Yiuf (D:2)
  5 hounds
  Jessica (D:2)
  3 iguanas
  An orc wizard (D:4)
  15 gnolls
  5 adders
  A shadow imp (D:6)
  A white imp (D:7)
  8 orcs
  4 bats
  10 endoplasms
  4 giant cockroaches
  6 goblins
  6 hobgoblins
  4 jackals
  5 quokkas
  4 ball pythons
  A frilled lizard (D:1)
  13 kobolds
  5 rats
129 creatures vanquished.

Vanquished Creatures (others)
  3 fulminant prisms
3 creatures vanquished.

Grand Total: 132 creatures vanquished

Notes
Turn   | Place    | Note
-------+----------+-------------------------------------------
     0 | D:1      | raph the Draconian Conjurer began the quest for the Orb.
     0 | D:1      | Reached XP level 1. HP: 14/14 MP: 3/3
   292 | D:1      | Reached XP level 2. HP: 20/20 MP: 1/5
   416 | D:1      | Learned a level 2 spell: Searing Ray
  1892 | D:2      | Reached skill level 5 in Conjurations
  2011 | D:2      | Reached XP level 3. HP: 26/26 MP: 3/6
  2430 | D:2      | Noticed Jessica
  2434 | D:2      | Killed Jessica
  2482 | D:2      | Reached XP level 4. HP: 33/33 MP: 1/7
  2663 | D:2      | Found a faded altar of an unknown god.
  2666 | D:2      | Prayed at the altar of an unknown god.
  2666 | D:2      | Became a worshipper of Elyvilon the Healer
  2666 | D:2      | Reached * piety under Elyvilon
  2847 | D:2      | Found a runed translucent door.
  2848 | D:2      | Noticed Crazy Yiuf
  2881 | D:2      | Reached skill level 6 in Conjurations
  3183 | D:2      | Found a broken altar of Ashenzari.
  3358 | D:2      | Killed Crazy Yiuf
  3359 | D:2      | Reached XP level 5. HP: 3/38 MP: 2/8
  3688 | D:3      | Found a shimmering blue altar of Sif Muna.
  3962 | D:3      | Reached skill level 7 in Conjurations
  4011 | D:3      | Found a radiant altar of Vehumet.
  4052 | D:3      | Found a basalt altar of Yredelemnul.
  4075 | D:3      | Found a hide-covered altar of Uskayaw.
  4101 | D:3      | Found a glowing golden altar of the Shining One.
  4167 | D:3      | Identified the +6 trident "Neischut" {holy, Int+4}
  4243 | D:3      | Reached ** piety under Elyvilon
  4603 | D:4      | Found a glowing silver altar of Zin.
  4603 | D:4      | Noticed Eustachio
  4617 | D:4      | Killed Eustachio
  4618 | D:4      | Reached XP level 6. HP: 44/45 MP: 1/9
  4926 | D:4      | Learned a level 4 spell: Fulminant Prism
  5096 | D:4      | Reached skill level 8 in Conjurations
  5107 | D:4      | Reached skill level 1 in Fighting
  5110 | D:4      | Reached skill level 1 in Invocations
  5110 | D:4      | Your scales start taking on a pale cyan-grey colour.
  5110 | D:4      | Reached XP level 7. HP: 38/52 MP: 1/10
  5110 | D:4      | Gained mutation: You are immune to the effects of steam.
                  | [Pale Draconian growth]
  5499 | D:5      | Entered Level 5 of the Dungeon
  5642 | D:5      | Reached *** piety under Elyvilon
  5647 | D:5      | Reached skill level 1 in Alchemy
  5783 | D:5      | Found a staircase to the Ecumenical Temple.
  5856 | Temple   | Entered the Ecumenical Temple
  6708 | D:6      | Noticed a wyvern
  6713 | D:6      | Killed a wyvern
  6714 | D:6      | Reached XP level 8. HP: 51/62 MP: 6/12
  6761 | D:6      | Found an iron altar of Okawaru.
  6778 | D:6      | Found a bloodstained altar of Trog.
  7301 | D:6      | Found an opulent altar of Gozag.
  7308 | D:6      | Reached **** piety under Elyvilon
  7728 | D:7      | Reached skill level 9 in Conjurations
  7842 | D:7      | Learned a level 4 spell: Iskenderun's Mystic Blast
  8136 | D:7      | Reached XP level 9. HP: 70/70 MP: 14/14
  8389 | D:7      | Noticed Pikel
  8396 | D:7      | Killed Pikel
  8562 | D:7      | Reached ***** piety under Elyvilon
  8796 | D:8      | Noticed a centaur warrior
  8817 | D:7      | Elyvilon protects you from harm!
  8818 | D:7      | Shot with an arrow by a centaur warrior

Illustrated notes

Levels and vault maps discovered:
D:1:      spicycebolla_green_bress_n_ham, layout_basic
D:2:      layout_loops_corners, shapermc_ecumenical_altar_hornbeckon,
          basic_altar, uniq_jessica, uniq_crazy_yiuf_cottage
D:3:      layout_loops_ring, nicolae_overflow_quartered_altars,
          lemuel_blue_sif_altar, minmay_ruptured
D:4:      layout_rooms, mainiacjoe_overflow_brackets, uniq_eustachio
D:5:      layout_cave_pools, minmay_temple_entry_junction, serial_gnoll_camp,
          gnoll_camp_mini_hut, gnoll_camp_mini_hut, gnoll_camp_mini_hut,
          gnoll_camp_mini_basic
D:6:      hellmonk_destroyed_diamonds, layout_basic,
          mainiacjoe_overflow_small_starburst, nicolae_overflow_hidden_temple,
          nrook_campfire
D:7:      layout_gridville, uniq_pikel
D:8:      layout_cave_pods, mainiacjoe_overflow_six_doors_small,
          kennysheep_mini, serial_bayou_pond_c
Temple:   minmay_freezing_vapour_temple

Skill      XL: |  1  2  3  4  5  6  7  8  9 |
---------------+----------------------------+-----
Conjurations   | 5 6 7 8 9 |  9.6
Dodging        | 2 3 4 |  4.0
Stealth        | 2 3 4 |  4.2
Fighting       | 1 2 3 4 |  4.1
Invocations    | 1 2 3 |  3.9
Alchemy        | 1 3 |  3.4
Spellcasting   | 3 |  3.8

Action                     |  1- 3 |  4- 6 |  7- 9 || total
---------------------------+-------+-------+-------++-------
  Melee: Unarmed           |    12 |       |       ||    12
         Mace              |     5 |       |       ||     5
         Tailslap          |     1 |       |     2 ||     3
         Short sword       |       |     4 |       ||     4
         Trident           |       |     5 |     5 ||    10
         Staff             |       |       |     5 ||     5
   Cast: Magic Dart        |    22 |     9 |     9 ||    40
         Searing Ray       |    23 |    29 |    42 ||    94
         Fulminant Prism   |       |       |     3 ||     3
         Iskenderun's Myst |       |       |     2 ||     2
Ability: Breathe Steam     |       |       |    12 ||    12
    Use: Scroll            |       |    11 |     3 ||    14
   Stab: Sleeping          |       |       |     1 ||     1
 Armour: Skin              |    18 |    28 |    66 ||   112
  Dodge: Dodged            |    19 |    23 |    46 ||    88
